 Dungeon Crawl Stone Soup version 0.31-a0-4-gefa6de2278 (webtiles) character file.

Game seed: 18146514082557421298

350 lunkers the Firebug (level 7, -4/50 HPs)
             Began as a Meteoran Fire Elementalist on May 4, 2023.
             Slain by Edmund
             ... wielding a +1 flail of holy wrath
              (5 damage)
             ... on level 4 of the Dungeon.
             The game lasted 00:06:38 (1787 turns).

lunkers the Firebug (Meteoran Fire Elementalist)    Turns: 1787, Time: 00:06:39

Health: -4/50      AC:  4    Str:  9    XL:     7   Next: 15%
Magic:  2/15       EV: 12    Int: 19    God:
Gold:   154        SH:  0    Dex: 15    Spells: 5/15 levels left

rFire   + . .        (no weapon)
rCold   . . .        (no shield)
rNeg    . . .        a - +0 robe
rPois   .            p - +1 helmet
rElec   .            (no cloak)
rCorr   .            (no gloves)
SInv    .            (no boots)
Will    .....        (no amulet)
Stlth   +            n - ring of protection from fire
HPRegen 0.28/turn    (no ring)
MPRegen 0.14/turn

%: no passive effects
@: lethally poisoned (-4 -> -15), hasted, glowing, very quick
A: sense surroundings 1, otherworldly, glowing, explore regen
a: no special abilities


You were on level 4 of the Dungeon.
You visited 1 branch of the dungeon, and saw 4 of its levels.

You collected 154 gold pieces.

Inventory:

Armour
 a - a +0 robe (worn)
 p - a +1 helmet (worn)
Jewellery
 n - a ring of protection from fire (left hand)
Scrolls
 c - a scroll of enchant armour {unknown}
 e - 6 scrolls of identify {unknown}
 f - a scroll of immolation {unknown}
 i - 2 scrolls of teleportation {unknown}
 j - a scroll of butterflies {unknown}
 k - a scroll of noise {unknown}
 o - a scroll of fear {unknown}
Potions
 b - a potion of magic
 d - 2 potions of might {unknown}
 g - 2 potions of haste
 h - 2 potions of curing {unknown}
 l - a potion of flight {unknown}
 m - a potion of lignification {unknown}


   Skills:
 - Level 2.4 Dodging
 - Level 1.4 Stealth
 + Level 4.7 Spellcasting
 + Level 3.9 Conjurations
 * Level 6.6 Fire Magic


You had 5 spell levels left.
You knew the following spells:

 Your Spells              Type           Power      Damage    Failure   Level
a - Foxfire               Conj/Fire      96%        2x1d8     1%          1
b - Scorch                Fire           58%        2d7       1%          2
c - Volatile Blastmotes   Fire/Tloc      34%        2d12      10%         3
d - Flame Wave            Conj/Fire      24%        2d8       14%         4

Your spell library contained the following spells:

 Spells                   Type           Power      Damage    Failure   Level
 Inner Flame              Hex/Fire       17%        N/A       10%         3
 Sandblast                Erth           8%         2d5       13%         1
 Stone Arrow              Conj/Erth      22%        3d8       17%         3
 Passwall                 Tmut/Erth      3%         N/A       19%         2


Dungeon Overview and Level Annotations

Branches:
Dungeon (4/15) Zot: 604
 Temple: D:4-7

Altars:

Annotations:
D:4 Edmund


Innate Abilities, Weirdness & Mutations

You passively map a small area around you.
You are easily found by Zot.
You glow in the dark.
You regain HP and MP as you explore.


Message History

Confirm with . or Enter, or press ? or * to list all spells.
Flames lash Edmund.
Edmund is lightly wounded.
Edmund's fire resistance burns away.
You feel sick. The scorpion stings you.
* * * LOW HITPOINT WARNING * * *
You are more poisoned.
The scorpion poisons you!
Unknown command.
Casting: Scorch (safe; 1% risk of failure)
Confirm with . or Enter, or press ? or * to list all spells.
Flames lash Edmund.
Edmund is burned terribly!
Edmund is heavily wounded.
You feel very sick. The scorpion stings you.
* * * LOW HITPOINT WARNING * * *
You are lethally poisoned!
The scorpion poisons you!
Unknown command.
Unknown command.
Casting: Scorch (safe; 1% risk of failure)
Confirm with . or Enter, or press ? or * to list all spells.
Flames lash the scorpion.
The scorpion is burned terribly!
You kill the scorpion!
* * * LOW HITPOINT WARNING * * *
You feel very sick.
You have reached level 7!
Unknown command.
It was a potion of haste.
You feel yourself speed up.
* * * LOW HITPOINT WARNING * * *
You feel very sick.
Edmund hits you with a +1 flail of holy wrath.
* * * LOW HITPOINT WARNING * * *
Casting: Scorch (safe; 1% risk of failure)
Confirm with . or Enter, or press ? or * to list all spells.
Flames lash Edmund but do no damage.
* * * LOW MAGIC WARNING * * *
* * * LOW HITPOINT WARNING * * *
You feel very sick.
Edmund hits you with a +1 flail of holy wrath.
You die...

.....* ##...#..##
,... #####..## * ...
#.... ,... #.###
#.#.# #.### #.#.#
#.... #.#.# #####
#@#.# # #@#.# #
#.#.# # #.#.# #
###.#.##############
#.............<[[†..
#.#............#####
#.####..###.#####...
#.# #........# #.##
#.# #........# #.#


You could see Edmund (combustible).

Vanquished Creatures
  Eustachio (D:4)
  A scorpion (D:4)
  A jelly (D:4)
  An orc wizard (D:4)
  Robin (D:4)
  2 adders
  2 dart slugs
  8 orcs
  4 ball pythons
  6 endoplasms
  12 goblins
  5 hobgoblins
  3 kobolds
  2 quokkas
  6 bats
  A frilled lizard (D:3)
  3 rats
59 creatures vanquished.

Vanquished Creatures (others)
  67 foxfires
67 creatures vanquished.

Grand Total: 126 creatures vanquished

Notes
Turn   | Place    | Note
-------+----------+-------------------------------------------
     0 | D:1      | lunkers the Meteoran Fire Elementalist began the quest for
                  | the Orb.
     0 | D:1      | Reached XP level 1. HP: 14/14 MP: 5/5
   165 | D:1      | Reached XP level 2. HP: 20/20 MP: 3/6
   179 | D:1      | Learned a level 2 spell: Scorch
   326 | D:1      | Reached skill level 4 in Fire Magic
   500 | D:1      | Glimpsed the power of Zot.
   566 | D:2      | Reached XP level 3. HP: 26/26 MP: 5/8
  1297 | D:3      | Learned a level 3 spell: Volatile Blastmotes
  1341 | D:3      | Reached XP level 4. HP: 33/33 MP: 6/9
  1424 | D:4      | Reached skill level 5 in Fire Magic
  1424 | D:4      | Reached XP level 5. HP: 38/38 MP: 3/11
  1548 | D:4      | Learned a level 4 spell: Flame Wave
  1650 | D:4      | Noticed Robin
  1702 | D:4      | Killed Robin
  1713 | D:4      | Noticed Eustachio
  1759 | D:4      | Killed Eustachio
  1760 | D:4      | Reached skill level 6 in Fire Magic
  1760 | D:4      | Reached XP level 6. HP: 21/45 MP: 11/13
  1780 | D:4      | Noticed Edmund
  1786 | D:4      | Reached XP level 7. HP: 12/50 MP: 3/15
  1787 | D:4      | HP: 1/50 [poisoned by a scorpion]
  1787 | D:4      | Slain by Edmund

Illustrated notes

Levels and vault maps discovered:
D:1:      dpeg_arrival_ternary, layout_basic
D:2:      layout_loops_corners
D:3:      wander_river, layout_loops_ring, kiku_gazebo_pond_becter,
          hellmonk_ghost_happy_afterlife
D:4:      layout_loops_ring, uniq_edmund, uniq_eustachio, uniq_robin

Skill      XL: |  1  2  3  4  5 |
---------------+----------------+-----
Fire Magic     | 4 5 6 |  6.6
Spellcasting   | 3 4 |  4.7
Conjurations   | 2 3 |  3.9
Dodging        | |  2.4
Stealth        | |  1.4

Action                     |  1- 3 |  4- 6 |  7- 9 || total
---------------------------+-------+-------+-------++-------
  Melee: Unarmed           |    15 |    20 |       ||    35
   Cast: Foxfire           |    21 |    20 |       ||    41
         Scorch            |    27 |    31 |     1 ||    59
    Use: Potion            |       |     1 |     1 ||     2
 Armour: Robe              |    14 |     7 |       ||    21
  Dodge: Dodged            |    14 |    20 |       ||    34

Table legend: (Time is in decaauts)
 A = Elapsed time spent in this place.
 B = Non-inter-level travel time spent in this place.
 C = Inter-level travel time spent in this place.
 D = Time resting spent in this place.
 E = Time spent auto-exploring this place.
 F = Levels seen in this place.
 G = Mean time per level.
                   A        B        C        D        E       F      G
               +--------+--------+--------+--------+--------+-----+--------+
         Total |   1795 |   1708 |     87 |      0 |   1296 |   4 |  448.8 |
       Dungeon |   1795 |   1708 |     87 |      0 |   1296 |   4 |  448.8 |
               +--------+--------+--------+--------+--------+-----+--------+

Top non-repeatable levels by time:
     D:1: 545 daAuts
     D:2: 517 daAuts
     D:3: 393 daAuts
     D:4: 339 daAuts
